 Dungeon Crawl Stone Soup version bcrawl-1.32 (webtiles) character file.

Game seed: 15171998717122832095

308108 Morbidden the Ducker (level 9, 39/65 HPs)
             Began as a Demonspawn Archaeologist on June 22, 2021.
             Quit the game on level 6 of the Dungeon.
             The game lasted 00:08:08 (4942 turns).

Morbidden the Ducker (Demonspawn Archaeologist)     Turns: 4942, Time: 00:08:08

Health: 39/65      AC: 17    Str: 23    XL:     9   Next: 6%
Magic:  8/14       EV: 13    Int: 19    God:
Gold:   292        SH:  5    Dex: 12    Spells: 15/15 levels left

rFire    . . .     SeeInvis .   a - +4 dagger (elec)
rCold    . . .     Gourm    .   B - +0 buckler
rNeg     + . .     Faith    .   D - +0 leather armour
rPois    .         Spirit   +   k - +0 hat {Int+3}
rElec    .         Reflect  .   (no cloak)
rCorr    .         Harm     .   d - +2 pair of gloves {Str+3}
MR       .....                  j - +1 pair of boots
Stlth    ++........             (no amulet)
HPRegen  1.20/turn              o - +6 ring of strength
MPRegen  0.28/turn              I - ring of positive energy

@: sanguine armour
A: antennae 1, powered by death 1, magic shield, magic regeneration, magic link,
sanguine armour 2
a: no special abilities


You were on level 6 of the Dungeon.
You were not hungry.

You visited 1 branch of the dungeon, and saw 6 of its levels.

You collected 292 gold pieces.

Inventory:

Hand Weapons
 a - a +4 dagger of electrocution (weapon)
 b - a +0 blowgun
Missiles
 f - 6 curare-tipped needles
 q - 144 poisoned tomahawks (quivered)
 r - 213 poisoned needles
 w - 26 needles of frenzy {=f}
Armour
 d - a +2 pair of gloves of strength (worn)
 j - a +1 pair of boots (worn)
 k - a +0 hat of intelligence (worn)
 u - a +0 medium shield
 B - a +0 buckler (worn)
 D - a +0 leather armour (worn)
Jewellery
 o - a +6 ring of strength (left hand)
 I - a ring of positive energy (right hand)
Wands
 y - a wand of polymorph (15)
 C - a wand of flame (17)
 F - a wand of disintegration (15)
 J - a wand of clouds (6)
Scrolls
 g - 3 scrolls of magic mapping
 h - 2 scrolls of immolation {unknown}
 i - 2 scrolls of identify
 l - 2 scrolls of blinking {unknown}
 m - a scroll of fear {unknown}
 n - 4 scrolls of teleportation
 v - 4 scrolls of amnesia {unknown}
 E - 2 scrolls of enchant armour {unknown}
 G - a scroll of remove curse {unknown}
Potions
 c - a potion of cancellation {unknown}
 p - a potion of degeneration
 s - a potion of lignification
 t - a potion of agility
 x - 2 potions of might
 z - a potion of haste
 A - a potion of mutation {unknown}
Comestibles
 e - 9 rations {!d}
 H - 4 chunks of flesh


   Skills:
 * Level 3.9 Fighting
 * Level 4.3 Short Blades
   Level 1.0 Maces & Flails
 + Level 1.1 Throwing
 + Level 2.3 Armour
 * Level 6.7 Dodging
 + Level 4.4 Stealth
 * Level 3.2 Shields
 * Level 3.5 Spellcasting


You had 15 spell levels left.
You didn't know any spells.
Your spell library was empty.

Dungeon Overview and Level Annotations

Branches:
Dungeon (6/12)
 Temple: D:4-7

Altars:
Elyvilon
Fedhas
Gozag
Hepliaklqana
Kikubaaqudgha
Makhleb
Trog
Zin

Annotations:
D:3 1 runed door


Innate Abilities, Weirdness & Mutations

You have a pair of small antennae on your head.
You regenerate a little health from kills.
When hurt, damage is shared between your health and your magic reserves.
You regenerate magic rapidly.
When low on magic, you restore magic in place of health.
When seriously injured, your bleeding wounds create thick armour. (AC +9)


Message History

You are too injured to fight recklessly!
You are too injured to fight recklessly!
You are too injured to fight recklessly!
You are too injured to fight recklessly!
You are too injured to fight recklessly!
You are too injured to fight recklessly!
You are too injured to fight recklessly!
You are too injured to fight recklessly!
You are too injured to fight recklessly!
You are too injured to fight recklessly!
You are too injured to fight recklessly!
You are too injured to fight recklessly!
You are too injured to fight recklessly!
You are too injured to fight recklessly!
You are too injured to fight recklessly!
You are too injured to fight recklessly!
You are too injured to fight recklessly!
You are too injured to fight recklessly!
No path to travel!
Are you sure you want to abandon this character and quit the game? (Confirm with "yes".)

..... ....
....8###8h.. ..
....!#....
#######.... ....8.!.
###...<(.....
#....c###..######.#..
#.....##...###
#...##......##
#..@#...........
##.##.......####
#.#..#...###
#'#.##...# #...######
#####


You could see a centaur and a hound.

Vanquished Creatures
  Pikel (D:5)
  Eustachio (D:4)
  Menkaure (D:4)
  A slave (D:5)
  A sky beast (D:6)
  An orc warrior (D:5)
  An ice beast (D:5)
  2 centaurs
  A necrophage (D:4)
  2 scorpions
  A killer bee (D:4)
  A wight (D:4)
  3 crimson imps
  A quasit (D:5)
  3 hounds
  Natasha (thrice) (D:3)
  3 orc wizards
  5 worker ants
  Ijyb (D:3)
  A hound skeleton (D:4)
  A howler monkey skeleton (D:4)
  4 adders
  A shadow imp (D:4)
  3 worms
  A dart slug (D:1)
  2 leopard geckos
  15 orcs
  3 bats
  3 giant cockroaches
  6 goblins
  10 hobgoblins
  10 jackals
  A quokka (D:3)
  7 frilled lizards
  7 kobolds
  A quokka skeleton (D:4)
  A quokka zombie (D:5)
  5 rats
  A spectral goblin (D:2)
116 creatures vanquished.

Vanquished Creatures (others)
  An ogre (D:5)
  An adder (D:5)
  An orc (D:5)
  A fungus (D:5)
  7 toadstools (D:1)
11 creatures vanquished.

Grand Total: 127 creatures vanquished

Notes
Turn   | Place    | Note
-------+----------+-------------------------------------------
     0 | D:1      | Morbidden the Demonspawn Archaeologist began the quest for
                  | the Orb.
     0 | D:1      | Reached XP level 1. HP: 15/15 MP: 1/1
   321 | D:1      | Reached skill level 3 in Dodging
   325 | D:1      | Gained mutation: When seriously injured, your bleeding
                  | wounds create armour. (AC +9) [demonic ancestry]
   325 | D:1      | Reached XP level 2. HP: 21/21 MP: 2/2
   503 | D:1      | Reached skill level 1 in Maces & Flails
   909 | D:2      | Gained mutation: When hurt, damage is shared between your
                  | health and your magic reserves. [demonic ancestry]
   909 | D:2      | Reached XP level 3. HP: 26/26 MP: 3/3
  1130 | D:2      | Found an ancient bone altar of Kikubaaqudgha.
  1248 | D:2      | Found an opulent altar of Gozag.
  1370 | D:2      | Found a hazy altar of Hepliaklqana.
  1669 | D:3      | Noticed Natasha
  1681 | D:3      | HP: 1/26 [Natasha (3)]
  1683 | D:3      | Killed Natasha
  1684 | D:3      | Reached skill level 1 in Short Blades
  1684 | D:3      | Reached XP level 4. HP: 1/32 MP: 1/4
  1784 | D:3      | Noticed Natasha
  1952 | D:3      | Killed Natasha
  1992 | D:3      | Noticed Natasha
  2002 | D:3      | Killed Natasha
  2033 | D:3      | Gained mutation: When seriously injured, your bleeding
                  | wounds create thick armour. (AC +9) [demonic ancestry]
  2033 | D:3      | Reached XP level 5. HP: 34/37 MP: 4/6
  2033 | D:3      | Identified a scroll of acquirement
  2036 | D:3      | Identified the ring of Springtime {+Blink rF+ rN++ MR+
                  | Int-3} (You acquired it on level 3 of the Dungeon)
  2114 | D:3      | Found a bloodstained altar of Trog.
  2120 | D:3      | Reached skill level 1 in Spellcasting
  2176 | D:3      | Found a runed door.
  2225 | D:3      | Found a white marble altar of Elyvilon.
  2415 | D:3      | Noticed Ijyb
  2439 | D:3      | Killed Ijyb
  2440 | D:3      | Reached skill level 4 in Dodging
  2797 | D:4      | Found a burning altar of Makhleb.
  2802 | D:4      | Found a glowing silver altar of Zin.
  2802 | D:4      | Noticed an angel
  2803 | D:4      | Noticed an Executioner
  2829 | D:4      | Reached skill level 1 in Shields
  2920 | D:4      | Noticed a centaur
  2947 | D:4      | Killed a centaur
  2948 | D:4      | Gained mutation: You regenerate magic rapidly. [demonic
                  | ancestry]
  2948 | D:4      | Reached XP level 6. HP: 5/44 MP: 0/8
  3367 | D:4      | Gained mutation: When low on magic, you restore magic in
                  | place of health. [demonic ancestry]
  3367 | D:4      | Reached XP level 7. HP: 50/51 MP: 9/9
  3500 | D:4      | Reached skill level 5 in Dodging
  3805 | D:5      | Entered Level 5 of the Dungeon
  3808 | D:5      | Noticed Menkaure
  3828 | D:4      | HP: 2/75 [necrophage (3)]
  3829 | D:4      | Killed Menkaure
  3831 | D:4      | Reached skill level 1 in Throwing
  3835 | D:4      | HP: 1/76 [poisoned by a worker ant]
  3991 | D:5      | Got a scorched mace
  3992 | D:5      | Identified the +4 mace of Bodily Harmony {crush, rElec rN+
                  | Int-2} (You found it on level 5 of the Dungeon)
  4091 | D:5      | Found a blossoming altar of Fedhas.
  4236 | D:5      | Noticed Eustachio
  4237 | D:5      | Noticed a two-headed ogre
  4248 | D:4      | Gained mutation: You regenerate a little health from kills.
                  | [demonic ancestry]
  4248 | D:4      | Reached XP level 8. HP: 36/58 MP: 9/11
  4254 | D:4      | Killed Eustachio
  4337 | D:5      | Reached skill level 1 in Armour
  4337 | D:5      | Reached skill level 6 in Dodging
  4573 | D:5      | Found a blossoming altar of Fedhas.
  4648 | D:5      | Noticed Pikel
  4662 | D:5      | Killed Pikel
  4915 | D:6      | Gained mutation: You have a pair of small antennae on your
                  | head. [demonic ancestry]
  4915 | D:6      | Reached XP level 9. HP: 65/65 MP: 14/14
  4942 | D:6      | Quit the game

Skill      XL: |  1  2  3  4  5  6  7  8 |
---------------+-------------------------+-----
Dodging        | 3 4 5 6 |  6.7
Maces & Flails | 1 |  1.0
Short Blades   | 1 2 3 4 |  4.3
Stealth        | 4 |  4.4
Spellcasting   | 1 2 3 |  3.5
Shields        | 1 2 3 |  3.2
Fighting       | 2 3 |  3.9
Throwing       | 1 |  1.1
Armour         | 2 |  2.3

Action                   |  1- 3 |  4- 6 |  7- 9 || total
-------------------------+-------+-------+-------++-------
Melee: Whip              |    47 |       |       ||    47
       Dagger            |    74 |   149 |   131 ||   354
Throw: Tomahawk          |       |    13 |       ||    13
  Use: Scroll            |     4 |     2 |     1 ||     7
       Potion            |       |     6 |     1 ||     7
 Stab: Sleeping          |    11 |     1 |     2 ||    14
  Eat: Chunk             |     5 |    10 |     8 ||    23
Armor: Robe              |    44 |    53 |       ||    97
       Skin              |       |    37 |     1 ||    38
       Leather armour    |       |       |    36 ||    36
Dodge: Dodged            |    80 |   106 |    74 ||   260
Block: Buckler           |       |     2 |    30 ||    32
